 Dungeon Crawl Stone Soup version 0.19.0-2-gae57169 (webtiles) character file.

147 Gingerlord the Chopper (level 5, -7/36 HPs)
             Began as a Halfling Berserker on Nov 5, 2016.
             Was a Believer of Trog.
             Mangled by a gnoll
             ... wielding a +1 flail of holy wrath
              (12 damage)
             ... on level 3 of the Dungeon.
             The game lasted 00:03:55 (2712 turns).

Gingerlord the Chopper (Halfling Berserker)         Turns: 2712, Time: 00:03:55

Health: -7/36      AC:  3    Str: 18    XL:     5   Next: 54%
Magic:  5/5        EV: 16    Int:  5    God:    Trog [**....]
Gold:   111        SH:  0    Dex: 15    Spells: 0 memorised, 4 levels left

rFire  . . .     SeeInvis .     a - +3 war axe
rCold  . . .     Gourm    .     l - +0 leather armour {MR+}
rNeg   . . .     Faith    .     (shield restricted)
rPois  .         Spirit   .     (no helmet)
rElec  .         Reflect  .     (no cloak)
rCorr  .         Harm     .     (no gloves)
MR     +....                    (no boots)
Stlth  +.........               (no amulet)
                                (no ring)
                                (no ring)

@: no status effects
A: mutation resistance 1
a: Berserk, Trog's Hand, Burn Spellbooks, Renounce Religion


You were on level 3 of the Dungeon.
You worshipped Trog.
Trog was pleased with you.
You were very hungry.

You visited 1 branch of the dungeon, and saw 3 of its levels.

You collected 111 gold pieces.

Inventory:

Hand Weapons
 a - a +3 war axe (weapon)
Armour
 l - a +0 leather armour of magic resistance (worn)
Jewellery
 h - an uncursed amulet of rage {unknown}
Wands
 g - a wand of iceblast (11/15)
Scrolls
 d - 4 scrolls of identify {unknown}
 e - a scroll of recharging {unknown}
 f - a scroll of enchant armour {unknown}
 i - a scroll of enchant weapon {unknown}
Potions
 b - a potion of might {unknown}
Comestibles
 c - 2 bread rations


   Skills:
 + Level 3.3 Fighting
 + Level 4.0 Axes
 + Level 3.2 Armour
 + Level 3.5 Dodging


You had 4 spell levels left.
You didn't know any spells.

Dungeon Overview and Level Annotations

Branches:
Dungeon (3/15)

Altars:
Elyvilon
Trog
The Shining One


Innate Abilities, Weirdness & Mutations

You are small and have problems with some larger weapons.
You are somewhat resistant to further mutation.


Message History

The gnoll hits you with a flail of holy wrath.
You barely miss the gnoll.
The gnoll is moderately wounded.
The gnoll hits you with a flail of holy wrath.
You barely miss the gnoll.
The gnoll is moderately wounded.
The gnoll hits you with a flail of holy wrath.
* * * LOW HITPOINT WARNING * * *
You are too injured to fight recklessly!
You are too injured to fight recklessly!
You see here a whip.
Okay, then.
You see here a robe.
You see here a whip.
You barely miss the gnoll.
The gnoll is moderately wounded.
The gnoll hits you with a flail of holy wrath.
* * * LOW HITPOINT WARNING * * *
The gnoll hits you with a flail of holy wrath!
You die...

##########
#........#
#.######.# #.#
###.###### #.#
#.........
####.####.#.##.###
#.g.....#.#.##.#
#@##.##.#.#....#
#[##.##|#....#.#
#.##.##.#......#
#.##.##.#......#
#.##.##.#.....##
#.##.##.##.(†##
#.##.##.###.##
#.##.##.# #.#
#.##.##.# #.#


You could see a gnoll.

Vanquished Creatures
  3 gnolls (D:3)
  4 adders
  2 oozes
  3 worms
  7 orcs (D:3)
  3 giant cockroaches
  2 goblins (D:3)
  4 hobgoblins
  8 jackals
  3 kobolds
  A quokka (D:3)
  2 ball pythons (D:2)
  7 bats
  3 frilled lizards
  8 rats
60 creatures vanquished.

Notes
Turn   | Place    | Note
-------+----------+-------------------------------------------
     0 | D:1      | Gingerlord the Halfling Berserker began the quest for the Orb.
     0 | D:1      | Reached XP level 1. HP: 15/15 MP: 1/1
   220 | D:1      | Reached XP level 2. HP: 20/20 MP: 2/2
   327 | D:1      | You fall through a shaft!
   685 | D:2      | Reached XP level 3. HP: 25/25 MP: 3/3
  1128 | D:2      | Reached ** piety under Trog
  1160 | D:2      | Found a white marble altar of Elyvilon.
  1164 | D:2      | Found a glowing golden altar of the Shining One.
  1405 | D:2      | Reached XP level 4. HP: 26/31 MP: 4/4
  1554 | D:3      | HP: 1/31 [orc/enchanted war axe (3)]
  2079 | D:3      | Noticed a moth of wrath
  2081 | D:3      | Found a bloodstained altar of Trog.
  2183 | D:3      | Reached XP level 5. HP: 21/36 MP: 5/5
  2606 | D:3      | Reached skill level 4 in Axes
  2712 | D:3      | Mangled by a gnoll

Skill      XL: |  1  2  3  4  5 |
---------------+----------------+-----
Fighting       | 3 |  3.3
Dodging        | 3 |  3.5
Armour         | 3 |  3.2
Axes           | 4 |  4.0

Action                   |  1- 3 |  4- 6 || total
-------------------------+-------+-------++-------
Melee: Hand axe          |    67 |       ||    67
       War axe           |    25 |    90 ||   115
Invok: Berserk           |     1 |     1 ||     2
  Use: Potion            |       |     2 ||     2
 Stab: Sleeping          |     2 |     2 ||     4
  Eat: Chunk             |     2 |     3 ||     5
       Pizza             |       |     1 ||     1
Armor: Animal skin       |     6 |       ||     6
       Leather armour    |     2 |    12 ||    14
Dodge: Dodged            |    83 |    71 ||   154
